 Dungeon Crawl Stone Soup version 0.29.1-15-g9cfb28693d (webtiles) character file.

Game seed: 3728197719601421596

4222 Peloso the Carver (level 10, -1/91 HPs)
             Began as a Minotaur Fighter on Apr 25, 2023.
             Was an Elder of Okawaru.
             Slain by an orc knight
             ... wielding a +0 glaive
              (26 damage)
             ... in a bailey.
             The game lasted 00:16:32 (7601 turns).

Peloso the Carver (Minotaur Fighter)                Turns: 7601, Time: 00:16:33

Health: -1/91      AC: 20    Str: 24    XL:     10   Next: 9%
Magic:  6/9        EV: 10    Int:  5    God:    Okawaru [****..]
Gold:   418        SH:  6    Dex: 11    Spells: 9/9 levels left

rFire   . . .      SeeInvis +   b - +7 Throatcutter {drain, coup de grace}
rCold   . . .      Faith    .   d - +0 buckler
rNeg    + . .      Spirit   .   C - +0 plate armour
rPois   .          Reflect  .   (helmet restricted)
rElec   .          Harm     .   (no cloak)
rCorr   .          Rampage  .   c - +0 pair of gloves
Will    .....                   u - +0 pair of boots
Stlth   ..........              (no amulet)
HPRegen 0.25/turn               q - ring of see invisible
MPRegen 0.11/turn               z - ring of positive energy

@: mighty, heroic, hasted (expiring), very quick
A: horns 2, retaliatory headbutt
a: Renounce Religion, Heroism, Finesse


You were in a bailey.
You worshipped Okawaru.
Okawaru was greatly pleased with you.
You visited 2 branches of the dungeon, and saw 8 of its levels.
You also visited: Sewer and Bailey.

You collected 418 gold pieces.

Inventory:

Hand Weapons
 a - a +3 falchion of freezing
 b - the +7 Throatcutter (weapon) {drain, coup de grace}
   (You found it on level 3 of the Dungeon)

   A truly terrible weapon, it drains the life of any living foe it strikes.
   It may instantly kill foes which have little health.
Armour
 c - a +0 pair of gloves (worn)
 d - a +0 buckler (worn)
 t - a +0 chain mail
 u - a +0 pair of boots (worn)
 C - a +0 plate armour (worn)
Jewellery
 f - an amulet of faith
 q - a ring of see invisible (left hand)
 r - a +6 ring of intelligence
 z - a ring of positive energy (right hand)
Wands
 B - a wand of iceblast (6)
Scrolls
 g - a scroll of silence
 k - 2 scrolls of blinking
 l - a scroll of butterflies
 m - a scroll of immolation
 n - a scroll of enchant weapon {unknown}
 o - a scroll of noise {unknown}
 y - a scroll of magic mapping
 A - a scroll of teleportation {unknown}
Potions
 e - a potion of might
 h - 5 potions of cancellation
 i - 4 potions of mutation
 j - 5 potions of brilliance
 p - 4 potions of haste
 s - a potion of heal wounds
 v - 4 potions of magic
 w - a potion of experience {unknown}
 x - 3 potions of resistance


   Skills:
 + Level 9.3(14.3) Fighting
 + Level 11.2(16.2) Long Blades
 + Level 9.8(14.8) Armour
 + Level 2.8(7.8) Dodging
 + Level 1.2(6.2) Stealth
 + Level 5.3(10.3) Shields
 + Level 0.3 Invocations


You had 9 spell levels left.
You didn't know any spells.
Your spell library contained the following spells:

 Spells                   Type           Power      Damage    Failure   Level
 Necrotise                Necr           0%         1d4       99%         1
 Blink                    Tloc           0%         N/A       100%        2
 Lesser Beckoning         Tloc           0%         N/A       100%        3
 Vampiric Draining        Necr           0%         2d6       100%        3
 Agony                    Necr           0%         N/A       100%        5
 Manifold Assault         Tloc           0%         N/A       100%        5
 Orb of Destruction       Conj           0%         9d5       100%        7
 Summon Guardian Golem    Hex/Summ       Unusable   N/A       N/A         3
 Spellforged Servitor     Conj/Summ      Unusable   N/A       N/A         7

Dungeon Overview and Level Annotations

Branches:
Dungeon (7/15)             Temple (1/1) D:4           Sewer (visited)
 Bailey (1/1)

Altars:
Ashenzari
Dithmenos
Elyvilon
Fedhas
Hepliaklqana
Makhleb
Nemelex Xobeh
Okawaru
Qazlal
Sif Muna
Trog
Vehumet
Wu Jian
Xom
The Shining One

Shops:
D:6 (


Innate Abilities, Weirdness & Mutations

You have a pair of horns on your head.
You reflexively headbutt those who attack you in melee.


Message History

You hear a shout!
There is an open gate here.
The orc knight shouts!
You hear a shout!
The orc knight hits you from afar with a +0 trident.
You gain the combat prowess of a mighty hero.
The orc knight roars a battlecry!
The orc knight goes into a battle-frenzy!
The orc knight hits you from afar with a +0 trident!
You slash the orc knight! You drain the orc knight.
You headbutt the orc knight!
The orc knight is heavily wounded.
The orc completely misses you.
Your extra speed is starting to run out.
The orc barely misses you.
The orc knight hits you with a +0 trident.
The orc knight barely misses you. You furiously retaliate!
You headbutt the orc knight.
There is an open gate, spattered with blood here.
You slash the orc!
You kill the orc!
Okawaru accepts your kill.
You slash the orc knight! You drain the orc knight.
The orc knight is almost dead.
The orc knight hits you with a +0 trident.
The orc knight hits you with a +0 glaive!!
You slash the orc knight! You drain the orc knight.
You headbutt the orc knight.
You kill the orc knight!
Okawaru is honoured by your kill.
You can now speed up your combat.
Your base Long Blades skill increases to level 11!
You have reached level 10!
You closely miss the orc knight. You headbutt the orc knight.
The orc knight is lightly wounded.
Unknown command.
You slash the orc knight! You drain the orc knight!
The orc knight is heavily wounded.
The orc knight hits you from afar with a +0 glaive!
* * * LOW HITPOINT WARNING * * *
The orc knight hits you with a +0 glaive!!
You die...

#.......#
##.....##
##'''##
#.....#
#.....#
#.....#
#.....#
#....)#
##''@##
#...)o#
#....o..#
#..#.#..#
#.......#
#.......#
#.......#
#... .##


You could see 2 orc knights.

Vanquished Creatures
  An orc knight (Bailey)
  Pikel (D:5)
  Joseph (D:7)
  Prince Ribbit (D:5)
  Edmund (D:5)
  A water moccasin (D:5)
  A black bear (D:5)
  A sky beast (D:7)
  An ice beast (D:6)
  5 orc warriors
  5 ogres
  A phantom (D:5)
  2 scorpions (D:5)
  2 bullfrogs (D:6)
  A necrophage (D:4)
  3 wights (D:6)
  4 hounds
  2 jellies
  5 orc priests
  3 iguanas
  6 orc wizards
  3 gnolls
  13 adders
  A river rat (Sewer)
  A shadow imp (D:5)
  A white imp (D:7)
  2 worms
  A dart slug (D:3)
  42 orcs
  6 bats
  14 endoplasms
  8 giant cockroaches
  8 goblins
  9 hobgoblins
  2 jackals (D:3)
  2 quokkas
  11 ball pythons
  10 frilled lizards
  2 kobolds (D:1)
  9 rats
193 creatures vanquished.

Notes
Turn   | Place    | Note
-------+----------+-------------------------------------------
     0 | D:1      | Peloso the Minotaur Fighter began the quest for the Orb.
     0 | D:1      | Reached XP level 1. HP: 19/19 MP: 0/0
   216 | D:1      | Reached XP level 2. HP: 23/27 MP: 1/1
   365 | D:1      | You fall into a shaft and drop 1 floor!
   425 | D:2      | Reached skill level 3 in Long Blades
   465 | D:2      | Reached XP level 3. HP: 30/33 MP: 2/2
   637 | D:2      | Found a faded altar of an unknown god.
   950 | D:2      | Reached XP level 4. HP: 41/41 MP: 3/3
  1316 | D:3      | Found the +7 Throatcutter {drain, coup de grace}
  1443 | D:3      | Found a glowing drain.
  1456 | Sewer    | Entered a sewer
  1733 | Sewer    | Found a shimmering altar of Xom.
  1736 | Sewer    | Reached skill level 5 in Armour
  1736 | Sewer    | Reached XP level 5. HP: 47/47 MP: 4/4
  1792 | Sewer    | Reached skill level 5 in Fighting
  1795 | Sewer    | Reached skill level 4 in Long Blades
  1880 | D:3      | HP: 1/48 [orc priest/divine providence (10)]
  2465 | D:3      | Found a sparkling altar of Nemelex Xobeh.
  2468 | D:3      | Found a hazy altar of Hepliaklqana.
  2574 | D:3      | Reached XP level 6. HP: 49/56 MP: 5/5
  2659 | D:3      | Reached skill level 5 in Long Blades
  2659 | D:3      | Reached skill level 1 in Dodging
  3413 | D:4      | Reached XP level 7. HP: 48/61 MP: 6/6
  3512 | D:4      | Found a stormy altar of Qazlal.
  3659 | D:4      | Found a staircase to the Ecumenical Temple.
  3670 | Temple   | Entered the Ecumenical Temple
  3874 | Temple   | Became a worshipper of Warmaster Okawaru
  3908 | D:4      | Reached skill level 6 in Long Blades
  4765 | D:5      | Entered Level 5 of the Dungeon
  4798 | D:5      | Reached skill level 7 in Long Blades
  4875 | D:5      | Reached XP level 8. HP: 70/71 MP: 7/7
  4946 | D:5      | Reached * piety under Okawaru
  5070 | D:5      | Reached skill level 8 in Long Blades
  5329 | D:5      | Found a shadowy altar of Dithmenos.
  5367 | D:5      | Noticed Pikel
  5387 | D:5      | Killed Pikel
  5387 | D:5      | Reached ** piety under Okawaru
  5388 | D:5      | Reached skill level 9 in Long Blades
  5388 | D:5      | Reached skill level 1 in Stealth
  5410 | D:5      | Found a glowing golden altar of the Shining One.
  5576 | D:5      | Noticed Edmund
  5591 | D:5      | Killed Edmund
  5592 | D:5      | Reached XP level 9. HP: 43/79 MP: 8/8
  5782 | D:5      | Noticed Prince Ribbit
  5786 | D:5      | Killed Prince Ribbit
  5997 | D:6      | Reached *** piety under Okawaru
  6049 | D:6      | Reached skill level 10 in Long Blades
  6201 | D:6      | Found Jaum's Antique Weapon Boutique.
  6495 | D:6      | Found a white marble altar of Elyvilon.
  6621 | D:7      | Found a blossoming altar of Fedhas.
  6756 | D:7      | Noticed Joseph
  6771 | D:7      | Killed Joseph
  7004 | D:7      | Found a flagged portal.
  7026 | Bailey   | Entered a bailey
  7083 | Bailey   | Reached skill level 5 in Shields
  7530 | Bailey   | Noticed an orc knight
  7531 | Bailey   | Noticed an orc knight
  7531 | Bailey   | Noticed an orc knight
  7599 | Bailey   | Killed an orc knight
  7599 | Bailey   | Reached **** piety under Okawaru
  7600 | Bailey   | Reached skill level 11 in Long Blades
  7600 | Bailey   | Reached XP level 10. HP: 40/91 MP: 6/9
  7601 | Bailey   | Slain by an orc knight

Illustrated notes

Levels and vault maps discovered:
D:1:      co_arrival_random_square_maze, layout_rooms
D:2:      layout_basic, hellmonk_ecumenical_altar_blasted
D:3:      minmay_recursive_quarters, layout_basic,
          worldfamousw_hep_ancestral_shrine, mainiacjoe_overflow_brackets,
          cheibrodos_sewer_entry_sluice
D:4:      layout_layer_cave, mainiacjoe_overflow_paths,
          minmay_temple_entry_proselytizer
D:5:      layout_loops_corners, grunt_dithmenos_shadows, tso_oasis_becter,
          serial_park_tiny_2, hangedman_decor_opposing, minmay_door_square,
          uniq_prince_ribbit1, uniq_edmund, uniq_pikel
D:6:      layout_cave_pools, lemuel_coloured_pillars_altar, serial_shops,
          kennysheep_mini_moat
D:7:      layout_basic, gammafunk_temple_of_torment, fedhas_altar_fruit_tree,
          old_standard_altar, enter_bailey_4, minmay_misc_feat_rows, uniq_joseph
Temple:   hellmonk_temple_flake
Bailey:   bailey_polearm_5, bailey

Skill      XL: |  1  2  3  4  5  6  7  8  9 |
---------------+----------------------------+-----
Long Blades    | 3 4 5 7 9 11 | 11.2
Armour         | 4 5 6 7 9 |  9.8
Fighting       | 4 5 6 7 9 |  9.3
Shields        | 4 5 |  5.3
Dodging        | 1 2 |  2.8
Stealth        | 1 |  1.2
Invocations    | |  0.3

Action                   |  1- 3 |  4- 6 |  7- 9 | 10-12 || total
-------------------------+-------+-------+-------+-------++-------
Melee: Long sword        |    68 |   102 |   215 |     2 ||   387
       Headbutt          |     7 |     9 |    30 |     1 ||    47
Invok: Heroism           |       |       |     5 |       ||     5
  Use: Scroll            |       |     6 |     7 |       ||    13
       Potion            |       |       |     2 |       ||     2
Armor: Scale mail        |    30 |     1 |       |       ||    31
       Chain mail        |       |    45 |    74 |       ||   119
       Plate armour      |       |       |    24 |       ||    24
Dodge: Dodged            |    36 |    24 |    78 |       ||   138
Block: Buckler           |    17 |    14 |    36 |       ||    67
